 Dungeon Sprint DCSS version 0.31-a0-7-g51783674b7 (webtiles) character file.

Game seed: 13523101181445788163

1232 sircluck the Cleaver (level 8, -4/123 HPs)
             Began as a Hill Orc Fighter on May 5, 2023.
             Was an Initiate of Nemelex Xobeh.
             Succumbed to Sonja's poison
             ... in the Dungeon (Sprint I: "Red Sonja").
             The game lasted 00:02:12 (864 turns).

sircluck the Cleaver (Hill Orc Fighter)              Turns: 864, Time: 00:02:12

Health: -4/123     AC:  8    Str: 21    XL:     8   Next: 48%
Magic:  8/8        EV: 10    Int:  8    God:    Nemelex Xobeh [......]
Gold:   255        SH:  6    Dex: 10    Spells: 7/7 levels left

rFire   . . .        a - +0 war axe
rCold   . . .        c - +0 buckler
rNeg    . . .        b - +0 scale mail
rPois   .            (no helmet)
rElec   .            (no cloak)
rCorr   .            (no gloves)
SInv    .            (no boots)
Will    .....        (no amulet) Stlth
                     (no ring)
HPRegen 0.40/turn    (no ring)
MPRegen 0.11/turn

%: no teleportation
@: mighty, berserking, lethally poisoned (-4 -> -56), very quick
A: no striking features
a: Renounce Religion, Draw Escape, Draw Destruction, Draw Summoning


You were in the Dungeon.
You worshipped Nemelex Xobeh.
Nemelex Xobeh was noncommittal.
You visited 1 branch You collected 415 gold pieces.
You spent 160 gold pieces at shops.

Inventory:

Hand Weapons
 a - a +0 war axe (weapon)
Armour
 b - a +0 scale mail (worn)
 c - a +0 buckler (worn)
Wands
 k - a wand of iceblast (9)
 m - a wand of mindburst (15)
Potions
 g - 2 potions of haste
 h - 2 potions of magic
 l - a potion of ambrosia {unknown}
 n - a potion of flight


   Skills:
 + Level 11.5 Fighting
 + Level 12.9 Axes
 + Level 10.1 Armour
 + Level 2.3 Dodging
 + Level 1.1 Stealth
 + Level 9.6 Shields
 + Level 0.5 Evocations


You had 7 spell levels left.
You didn't know any spells.
Your spell library contained the following spells:

 Spells                   Type           Power      Damage    Failure   Level
 Leda's Liquefaction      Hex/Erth       0%         N/A       100%        4
 Lee's Rapid Deconstruct  Erth           0%         3d4*      100%        5
 Statue Form              Tmut/Erth      0%         N/A       100%        6


Dungeon Overview and Level Annotations

Branches:
Dungeon (1/1)

Altars:
Cheibriados
Dithmenos
Elyvilon
Fedhas
Gozag
Hepliaklqana
Kikubaaqudgha
Makhleb
Nemelex Xobeh
Okawaru
Qazlal
Ru
Sif Muna
Trog
Uskayaw
Vehumet
Wu Jian
Xom
Yredelemnul
Zin
The Shining One
Jiyva
Lugonu

Shops:
D !

Annotations:
D Sonja


Message History

* * * LOW HITPOINT WARNING * * *
You feel very sick.
You block Sonja's attack. x2; Sonja barely misses you.
You closely miss Sonja.
Sonja is severely wounded.
* * * LOW HITPOINT WARNING * * *
You feel very sick.
You barely miss Sonja.
Sonja is severely wounded.
* * * LOW HITPOINT WARNING * * *
You feel very sick.
Sonja hits you with a +1 short sword of venom.
* * * LOW HITPOINT WARNING * * *
Sonja closely misses you. Sonja hits you but does no damage.
You are more poisoned.
You barely miss Sonja.
Sonja is severely wounded.
* * * LOW HITPOINT WARNING * * *
You feel very sick. You block Sonja's attack.
Sonja hits you with a +1 short sword of venom.
* * * LOW HITPOINT WARNING * * *
You are more poisoned.
Sonja hits you with a +1 short sword of venom.
* * * LOW HITPOINT WARNING * * *
You are more poisoned.
You slash Sonja!
Sonja is almost dead.
* * * LOW HITPOINT WARNING * * *
You feel extremely sick.
Sonja hits you with a +1 short sword of venom.
* * * LOW HITPOINT WARNING * * *
You are more poisoned.
Sonja hits you but does no damage.
You are more poisoned.
Sonja completely misses you.
You miss Sonja.
Sonja is almost dead.
You die...
Your body disappears without a glow.

##########################
#<.#..'..#..'..#__#..')..#
#..').#..').#..+..+ss#)..##+#
#..#####'#####+#__####..sss.#
#..####..#...#.#### #####..+
#..#__####..##.# ##
#.)#_____##'#_.+
#⌠⌠#_.∩...'.@K_#
####_..__##_.#'#
#_____###'#.# ####### #.###
$.$ $.$ ##.## #+#


You could see Sonja.

Vanquished Creatures
  2 kobold demonologists (D)
  A slime creature (D)
  Sigmund (D)
  A yak (D)
  A floating eye (D)
  An ogre (D)
  A jelly (D)
  Ijyb (D)
9 creatures vanquished.

Notes
Turn   | Place    | Note
-------+----------+-------------------------------------------
     0 | D        | sircluck the Hill Orc Fighter began the quest for the Orb.
     0 | D        | Reached XP level 1. HP: 19/19 MP: 1/1
     1 | D        | Noticed Ijyb
    14 | D        | Killed Ijyb
    15 | D        | Reached skill level 5 in Fighting
    15 | D        | Reached skill level 4 in Axes
    15 | D        | Reached XP level 2. HP: 20/29 MP: 2/2
    15 | D        | Reached XP level 3. HP: 25/36 MP: 3/3
    56 | D        | Noticed an ogre
    67 | D        | Killed an ogre
    68 | D        | Reached skill level 5 in Axes
    68 | D        | Reached XP level 4. HP: 45/45 MP: 4/4
    86 | D        | Noticed Sigmund
    94 | D        | Killed Sigmund
    95 | D        | Reached skill level 7 in Axes
    95 | D        | Reached skill level 1 in Dodging
    95 | D        | Reached XP level 5. HP: 30/56 MP: 5/5
    95 | D        | Reached XP level 6. HP: 34/62 MP: 6/6
   199 | D        | Found an ornate altar of the Wu Jian Council.
   199 | D        | Found a shimmering blue altar of Sif Muna.
   201 | D        | Found a radiant altar of Vehumet.
   243 | D        | Found Ruffeaw's Distillery.
   243 | D        | Found an ancient bone altar of Kikubaaqudgha.
   243 | D        | Found a hazy altar of Hepliaklqana.
   243 | D        | Found a stormy altar of Qazlal.
   243 | D        | Found a hide-covered altar of Uskayaw.
   243 | D        | Found a blossoming altar of Fedhas.
   243 | D        | Found a bloodstained altar of Trog.
   243 | D        | Found an iron altar of Okawaru.
   243 | D        | Found a basalt altar of Yredelemnul.
   243 | D        | Found a glowing golden altar of the Shining One.
   243 | D        | Found a snail-covered altar of Cheibriados.
   243 | D        | Found a sacrificial altar of Ru.
   243 | D        | Found a glowing silver altar of Zin.
   243 | D        | Found a shadowy altar of Dithmenos.
   243 | D        | Found a white marble altar of Elyvilon.
   243 | D        | Noticed a yak
   255 | D        | Killed a yak
   256 | D        | Reached skill level 8 in Axes
   256 | D        | Reached XP level 7. HP: 25/71 MP: 7/7
   256 | D        | Found an opulent altar of Gozag.
   257 | D        | Found a sparkling altar of Nemelex Xobeh.
   263 | D        | Bought a potion of flight for 30 gold pieces
   263 | D        | Bought a potion of curing for 30 gold pieces
   263 | D        | Bought a potion of haste for 100 gold pieces
   267 | D        | Became a worshipper of Nemelex Xobeh the Trickster
   403 | D        | Found a burning altar of Makhleb.
   403 | D        | Found a viscous altar of Jiyva.
   403 | D        | Found a shimmering altar of Xom.
   403 | D        | Found a corrupted altar of Lugonu.
   403 | D        | Noticed a slime creature
   413 | D        | Killed a slime creature
   414 | D        | Reached skill level 10 in Fighting
   414 | D        | Reached skill level 10 in Axes
   564 | D        | Noticed a kobold demonologist
   570 | D        | Noticed an ice devil
   570 | D        | Noticed a kobold demonologist
   581 | D        | Noticed an orange demon
   583 | D        | Killed a kobold demonologist
   584 | D        | Reached skill level 12 in Axes
   584 | D        | Reached skill level 1 in Stealth
   584 | D        | Reached XP level 8. HP: 39/82 MP: 8/8
   584 | D        | Killed a kobold demonologist
   585 | D        | Reached skill level 10 in Armour
   820 | D        | Noticed a demonic crawler
   820 | D        | Noticed a demonic crawler
   820 | D        | Noticed a demonic crawler
   820 | D        | Noticed a demonic crawler
   841 | D        | Noticed Sonja
   855 | D        | HP: 4/82 [Sonja/+1 short sword of venom (2)]
   863 | D        | HP: 3/123 [poisoned by Sonja]
   864 | D        | Succumbed to Sonja's poison

Illustrated notes

Levels and vault maps discovered:
D:        dungeon_sprint_1 [red_sonja_temple_1, red_sonja_temple_small_1]

Skill      XL: |  1  2  3  4  5  6  7  8 |
---------------+-------------------------+-----
Fighting       | 5 6 8 9 11 | 11.5
Axes           | 4 5 7 8 12 | 12.9
Armour         | 4 6 7 8 9 10 | 10.1
Shields        | 4 6 7 8 9 |  9.6
Dodging        | 1 2 |  2.3
Stealth        | 1 |  1.1
Evocations     | |  0.5

Action                     |  1- 3 |  4- 6 |  7- 9 || total
---------------------------+-------+-------+-------++-------
  Melee: War axe           |    15 |    21 |    41 ||    77
  Evoke: Wand              |     1 |       |       ||     1
    Use: Potion            |       |       |     5 ||     5
         Scroll            |       |       |     1 ||     1
 Armour: Scale mail        |     1 |     1 |    19 ||    21
  Dodge: Dodged            |     9 |     7 |    26 ||    42
  Block: Buckler           |     4 |     4 |    22 ||    30

Table legend: (Time is in decaauts)
 A = Elapsed time spent in this place.
 B = Non-inter-level travel time spent in this place.
 C = Inter-level travel time spent in this place.
 D = Time resting spent in this place.
 E = Time spent auto-exploring this place.
 F = Levels seen in this place.
 G = Mean time per level.
                   A        B        C        D        E       F      G
               +--------+--------+--------+--------+--------+-----+--------+
         Total |    872 |    859 |     13 |    387 |    252 |   1 |  872.0 |
       Dungeon |    872 |    859 |     13 |    387 |    252 |   1 |  872.0 |
               +--------+--------+--------+--------+--------+-----+--------+

Top non-repeatable levels by time:
       D: 872 daAuts
